 Dungeon Crawl Stone Soup version 0.25-a0-1133-g93ebf739aa (webtiles) character file.

Game seed: 373458632551935379, levelgen mode: deterministic

1838 bmfx the Chopper (level 9, -22/69 HPs)
             Began as a Formicid Chaos Knight on May 22, 2020.
             Was a Plaything of Xom.
             Annihilated by an orc warrior
             ... wielding a +0 mace
              (24 damage)
             ... on level 7 of the Dungeon.
             The game lasted 00:25:58 (8660 turns).

bmfx the Chopper (Formicid Chaos Knight)            Turns: 8660, Time: 00:25:59

Health: -22/69     AC: 14    Str: 17    XL:     9   Next: 33%
Magic:  9/9        EV:  7    Int: 12    God:    Xom [..*...]
Gold:   300        SH:  9    Dex: 16    Spells: 8/8 levels left

rFire    + + .     SeeInvis +   w - +7 longbow of Ciofua {god gift, chaos, rF+ rC++ Str-3}
rCold    + + .     Gourm    .   f - +0 kite shield
rNeg     . . .     Faith    .   r - +0 chain mail
rPois    .         Spirit   .   (helmet unavailable)
rElec    .         Reflect  .   (no cloak)
rCorr    .         Harm     .   (no gloves)
MR       .....                  x - +2 pair of boots
Stlth    ..........             C - amulet of magic regeneration
HPRegen  0.61/turn              B - +6 ring of dexterity
MPRegen  0.36/turn              M - ring of wizardry

@: no status effects
A: permanent stasis, dig shafts and tunnels, four strong arms, antennae 3, fire
resistance 1, regeneration 1, shaggy fur 1, sturdy frame 1
a: Dig, Shaft Self, Renounce Religion


You were on level 7 of the Dungeon.
You worshipped Xom.
You were a toy of Xom.
You were not hungry.

You visited 1 branch of the dungeon, and saw 7 of its levels.

You collected 300 gold pieces.


Innate Abilities, Weirdness & Mutations

You cannot be hasted, slowed, berserked, paralysed or teleported.
You can dig through walls and to a lower floor.
Your four strong arms can wield two-handed weapons with a shield.
You have a pair of large antennae on your head. (SInv)
Your flesh is heat resistant. (rF+)
Your natural rate of healing is unusually fast.
You are covered in fur. (AC +1)
Your movements are slightly less encumbered by armour. (ER -2)

Dungeon Overview and Level Annotations

Branches:
Dungeon (7/15)             Temple (0/1) D:4

Altars:
Cheibriados
Elyvilon
Makhleb
Nemelex Xobeh
Okawaru
Qazlal
Trog
Xom
Zin

Annotations:
D:3 1 runed translucent door, exclusion: door, coffeespoons's ghost, amateur DsMo
D:6 1 runed translucent door, Amnesiac's ghost, novice OgGl


   Skills:
 - Level 6.0 Fighting
 - Level 6.0 Axes
 - Level 6.0 Bows
 + Level 5.1 Armour
 - Level 0.8 Dodging
 - Level 4.0 Shields


You had 8 spell levels left.
You didn't know any spells.
Your spell library contained the following spells:

 Spells                   Type           Power        Failure   Level  Hunger
 Confusing Touch          Hex            #.......     100%        3    ####...
 Gell's Gravitas          Tloc           #.........   100%        3    ####...
 Petrify                  Tmut/Erth      #.......     100%        4    #####..
 Bolt of Magma            Conj/Fire/Erth #.........   100%        5    ######.
 Iskenderun's Battlesphe  Conj/Chrm      #.......     100%        5    ######.
 Metabolic Englaciation   Hex/Ice        #.........   100%        5    ######.
 Yara's Violent Unravell  Hex/Tmut       #.........   100%        5    ######.
 Iron Shot                Conj/Erth      #.........   100%        6    #######
 Orb of Destruction       Conj           #.........   100%        7    #######
 Spellforged Servitor     Conj/Summ      #.........   100%        7    #######

Action                   |  1- 3 |  4- 6 |  7- 9 || total
-------------------------+-------+-------+-------++-------
Melee: Hand axe          |    41 |       |       ||    41
       War axe           |    77 |    63 |   180 ||   320
       Unarmed           |       |     7 |       ||     7
       Whip              |       |       |    60 ||    60
       Dagger            |       |       |    22 ||    22
 Fire: Longbow           |       |    26 |    88 ||   114
Throw: Stone             |    44 |    12 |     1 ||    57
       Dart              |       |    22 |    48 ||    70
 Abil: Dig               |       |     1 |       ||     1
  Use: Scroll            |     3 |     3 |     5 ||    11
       Potion            |       |     1 |       ||     1
 Stab: Sleeping          |     1 |       |       ||     1
       Fleeing           |       |       |     2 ||     2
  Eat: Chunk             |     5 |     3 |    10 ||    18
       Ration            |       |     2 |       ||     2
Armor: Leather armour    |    42 |    20 |       ||    62
       Skin              |       |     6 |       ||     6
       Chain mail        |       |     9 |   112 ||   121
Dodge: Dodged            |    52 |    33 |    52 ||   137
Block: Kite shield       |    49 |    31 |   144 ||   224

Skill      XL: |  1  2  3  4  5  6  7  8  9 |
---------------+----------------------------+-----
Fighting       | 4 6 |  6.0
Axes           | 4 5 6 |  6.0
Shields        | 2 3 4 |  4.0
Bows           | 2 4 6 |  6.0
Armour         | 4 5 |  5.1
Dodging        | |  0.8

Inventory:

Hand Weapons
 a - a +0 whip of electrocution
 b - a +0 war axe
 m - a +0 hand axe of chaos
 n - a +0 arbalest
 w - the +7 longbow of Ciofua (weapon) {god gift, chaos, rF+ rC++ Str-3}
   (Xom gifted it to you on level 3 of the Dungeon)

   Each projectile launched from it has a different, random effect.
   It affects your strength (-3).
   It protects you from fire.
   It greatly protects you from cold.
 y - a +1 war axe of distortion {!w}
 z - a +2 dagger of venom
 G - a +0 hand crossbow
 K - a +4 dagger of draining
Missiles
 d - 174 stones
 g - 68 arrows (quivered)
 k - 38 poisoned darts
 l - 33 bolts
 s - 2 throwing nets {!f}
Armour
 f - a +0 kite shield (worn)
 r - a +0 chain mail (worn)
 x - a +2 pair of boots (worn)
Jewellery
 o - an uncursed ring of flight
 B - a +6 ring of dexterity (left hand)
 C - an amulet of magic regeneration (around neck)
 M - a ring of wizardry (right hand)
Scrolls
 h - 4 scrolls of fog
 q - a scroll of immolation {unknown}
 t - a scroll of magic mapping {unknown}
 u - a scroll of blinking {unknown}
 v - a scroll of enchant weapon {unknown}
 D - a scroll of remove curse {unknown}
 I - a scroll of fear
Potions
 i - 2 potions of magic
 j - a potion of resistance
 p - a potion of ambrosia {unknown}
 A - a potion of stabbing {unknown}
 E - a potion of heal wounds {unknown}
 F - a potion of mutation {unknown}
 H - a potion of lignification
 J - 2 potions of flight
Comestibles
 c - 12 rations

.#......######.......#
'###....# ##......#
...#....# #......#
...'....# #......#
...#....# #......#
...#....# #......#
##'#....## #......#
.........# ##.....#
.........# #@....#
.........# #o....#
.........# #(....#
.........# #)....#
###......... ........
#......... .........
#......... { (........
#......... ..(.......
{{.....####+


You could see an orc warrior (berserk, agile).

Vanquished Creatures
  Menkaure (D:6)
  A sky beast (D:6)
  A phantom (D:6)
  An orc warrior (D:4)
  A black bear (D:6)
  An ice beast (D:7)
  2 ogres
  2 bullfrogs (D:6)
  A scorpion (D:7)
  A howler monkey (D:2)
  A crimson imp (D:5)
  2 hounds (D:6)
  A jelly (D:4)
  An orc priest (D:5)
  2 iguanas
  8 orc wizards
  A worker ant (D:7)
  A hound zombie (D:7)
  2 hound skeletons (D:6)
  21 gnolls
  3 adders
  A worm (D:5)
  3 dart slugs
  5 leopard geckos
  30 orcs
  2 ball pythons
  3 bats
  5 giant cockroaches
  6 goblins
  10 hobgoblins
  4 quokkas
  2 ball python skeletons
  2 frilled lizards
  7 kobolds
  A quokka skeleton (D:4)
  A quokka zombie (D:6)
  5 rats
142 creatures vanquished.

Levels and vault maps discovered:
D:1:      dpeg_arrival_water_temple_mockup, layout_basic
D:2:      layout_loops_ring, grunt_qazlal_clouds
D:3:      layout_basic, ebering_ghost_reflecting_pool,
          nemelex_lonely_heart_becter
D:4:      layout_loops_ring, lemuel_coloured_pillars_altar,
          okawaru_altar_gauntlet_db, zin_statuary,
          minmay_temple_entry_offerings, first_ration
D:5:      layout_cave_pools, kennysheep_mini_moat
D:6:      layout_loops_ring, kennysheep_little_box,
          nicolae_overflow_crystal_walls, nemelex_xobeh_ov_fountains_minmay,
          ebering_ghost_xom, minmay_starry_boxes, uniq_menkaure
D:7:      layout_gridville, overflow_temple_1_default


Message History

The orc wizard blinks!
Firing (i - inventory. (/) - cycle)
g - 70 arrows (quivered)
Press: ? - help, Shift-Dir - straight line, f/p - orc warrior
Aim: an orc warrior, wielding a +0 mace and wearing a +0 plate armour (severely wounded, berserk, unusually agile)
You shoot an arrow.
The arrow barely misses the orc warrior.
The orc warrior hits you with a +0 mace!!
* * * LOW HITPOINT WARNING * * *
The orc wizard mumbles some strange words.
The orc wizard blinks!
The orc warrior hits you with a +0 mace!
* * * LOW HITPOINT WARNING * * *
Firing (i - inventory. (/) - cycle)
g - 69 arrows (quivered)
Press: ? - help, Shift-Dir - straight line, f/p - orc warrior
Aim: an orc warrior, wielding a +0 mace and wearing a +0 plate armour (severely wounded, berserk, unusually agile)
You shoot an arrow.
The arrow barely misses the orc warrior.
The orc warrior hits you with a +0 mace!!
You die...
Xom titters!

Notes
Turn   | Place    | Note
-------+----------+-------------------------------------------
     0 | D:1      | bmfx the Formicid Chaos Knight began the quest for the Orb.
     0 | D:1      | Reached XP level 1. HP: 18/18 MP: 1/1
   598 | D:1      | Reached XP level 2. HP: 24/24 MP: 2/2
   663 | D:1      | XOM: silly message
   899 | D:1      | XOM: silly message
   960 | D:2      | Found a stormy altar of Qazlal.
  1092 | D:2      | Noticed a howler monkey
  1146 | D:2      | XOM: cloud trail
  1152 | D:2      | XOM: scenery: create altars
  1323 | D:2      | XOM is BORED!
  1403 | D:2      | Reached XP level 3. HP: 30/30 MP: 3/3
  1618 | D:2      | XOM: summons 1 hostile demon
  1736 | D:2      | XOM: summons 3 hostile shadow creatures
  1769 | D:1      | XOM: smoke on damage
  1924 | D:1      | XOM: draining
  2375 | D:3      | Found a runed translucent door.
  2380 | D:3      | Noticed coffeespoons's ghost (amateur DsMo)
  2496 | D:3      | XOM: summons 1 hostile shadow creature
  2542 | D:3      | XOM: god gift: fine longbow {god gift}
  2543 | D:3      | Got a fine longbow {god gift}
  2650 | D:3      | Reached XP level 4. HP: 37/37 MP: 4/4
  3004 | D:3      | XOM: summons 3 hostile demons
  3574 | D:3      | Reached skill level 1 in Shields
  4082 | D:3      | Identified the +7 longbow of Ciofua {god gift, chaos, rF+
                  | rC++ Str-3} (Xom gifted it to you on level 3 of the
                  | Dungeon)
  4128 | D:3      | XOM: noise
  4283 | D:4      | Found a staircase to the Ecumenical Temple.
  4444 | D:3      | XOM is BORED!
  4444 | D:3      | XOM: torment (17/37 hp)
  4451 | D:3      | XOM: give mutation
  4451 | D:3      | Gained mutation: You are covered in fur. (AC +1) [Xom's
                  | mischief]
  4607 | D:4      | Noticed an ogre
  4740 | D:4      | XOM: give mutations
  4740 | D:4      | Gained mutation: Your natural rate of healing is unusually
                  | fast. [Xom's grace]
  4740 | D:4      | Gained mutation: Your flesh is heat resistant. (rF+) [Xom's
                  | grace]
  4740 | D:4      | Gained mutation: Your movements are slightly less
                  | encumbered by armour. (ER -2) [Xom's grace]
  4772 | D:4      | Noticed an orc warrior
  4846 | D:4      | XOM: enchant monster (bad)
  4856 | D:4      | Reached XP level 5. HP: 29/42 MP: 5/5
  5002 | D:4      | XOM: potion effect (might)
  5012 | D:4      | XOM: chaos upgrade
  5015 | D:4      | Killed an orc warrior
  5015 | D:4      | Reached skill level 5 in Axes
  5015 | D:4      | Reached XP level 6. HP: 7/48 MP: 6/6
  5325 | D:4      | XOM: noise
  5338 | D:4      | XOM: summons 1 hostile shadow creature
  5372 | D:4      | Reached skill level 1 in Bows
  5460 | D:4      | Killed an ogre
  5470 | D:4      | Found a glowing silver altar of Zin.
  5497 | D:4      | Reached XP level 7. HP: 54/54 MP: 7/7
  5499 | D:4      | XOM: stat loss: -1 Int (11/12)
  5508 | D:4      | XOM: swap monsters
  5611 | D:4      | Found a white marble altar of Elyvilon.
  5912 | D:4      | Found an iron altar of Okawaru.
  5966 | D:5      | Entered Level 5 of the Dungeon
  6071 | D:5      | XOM: confuse monster(s)
  6395 | D:5      | XOM: enchant monster (good)
  6403 | D:5      | Reached XP level 8. HP: 60/60 MP: 8/8
  6572 | D:5      | Found a burning altar of Makhleb.
  6825 | D:6      | Found a runed translucent door.
  6825 | D:6      | Found a shimmering altar of Xom.
  6825 | D:6      | XOM: stealth player
  6825 | D:6      | Noticed a +2 falchion of chaos
  6825 | D:6      | Noticed Amnesiac's ghost (novice OgGl)
  6851 | D:6      | XOM: smoke on damage
  7059 | D:6      | Reached skill level 5 in Bows
  7083 | D:6      | Found a shimmering altar of Xom.
  7223 | D:6      | Found a bloodstained altar of Trog.
  7422 | D:6      | Noticed Menkaure
  7424 | D:6      | Killed Menkaure
  7518 | D:6      | XOM: summons 1 hostile shadow creature
  7655 | D:6      | Found a sparkling altar of Nemelex Xobeh.
  7685 | D:5      | XOM: cast spell 'Summon Small Mammal'
  7700 | D:5      | XOM: cast spell 'Alistair's Intoxication'
  7792 | D:6      | Reached XP level 9. HP: 58/65 MP: 9/9
  8028 | D:6      | XOM: noise
  8042 | D:6      | XOM: divination: detect items
  8070 | D:7      | XOM: cast spell 'Cause Fear'
  8123 | D:7      | Reached skill level 5 in Fighting
  8142 | D:7      | XOM: silly message
  8291 | D:7      | XOM: enchant monster (good)
  8365 | D:7      | Reached skill level 5 in Armour
  8435 | D:7      | XOM: polymorph hound -> iguana
  8449 | D:7      | Found a snail-covered altar of Cheibriados.
  8659 | D:7      | HP: 1/69 [orc warrior/+0 mace (7)]
  8660 | D:7      | Annihilated by an orc warrior
